 Dungeon Crawl Stone Soup version 0.24-a0-520-g8fd06ad0bc (webtiles) character file.

Game seed: 16235877485002953644

108 Bapho the Sneak (level 4, 0/21 HPs)
             Began as a Spriggan Enchanter on July 24, 2019.
             Killed from afar by Sigmund (6 damage)
             ... with a puff of flame
             ... on level 2 of the Dungeon.
             The game lasted 00:06:16 (2980 turns).

Bapho the Sneak (Spriggan Enchanter)                Turns: 2980, Time: 00:06:17

Health: 0/21       AC:  2    Str:  4    XL:     4   Next: 58%
Magic:  1/9        EV: 18    Int: 17    God:
Gold:   108        SH:  0    Dex: 16    Spells: 2/8 levels left

rFire    . . .     SeeInvis +   a - +1 dagger
rCold    . . .     Gourm    .   (shield restricted)
rNeg     . . .     Faith    .   b - +0 robe
rPois    .         Spirit   .   (helmet restricted)
rElec    .         Reflect  .   (no cloak)
rCorr    .         Harm     .   (gloves unavailable)
MR       .....                  (boots unavailable)
Stlth    +++.......             (no amulet)
HPRegen  0.07/turn              (no ring)
MPRegen  0.11/turn              (no ring)

@: very quick
A: very small, unfitting armour, see invisible, herbivore, speed 3, slow
metabolism 2
a: no special abilities


You were on level 2 of the Dungeon.
You were near starving.

You visited 1 branch of the dungeon, and saw 2 of its levels.

You collected 108 gold pieces.

Inventory:

Hand Weapons
 a - a +1 dagger (weapon)
Missiles
 e - 131 stones (quivered)
Armour
 b - a +0 robe (worn)
Scrolls
 c - 3 scrolls of identify {unknown}
 h - 2 scrolls of enchant weapon {unknown}
 j - a scroll of amnesia {unknown}
 k - a scroll of magic mapping {unknown}
 l - a scroll of fear {unknown}
Potions
 f - a potion of curing {unknown}
 g - a potion of ambrosia {unknown}
 i - a potion of resistance {unknown}
Comestibles
 d - 6 rations


   Skills:
 - Level 3.0 Short Blades
 - Level 3.0 Dodging
 + Level 6.4 Stealth
 - Level 2.6 Spellcasting
 + Level 4.0 Hexes
 + Level 0.8 Ice Magic


You had 2 spell levels left.
You knew the following spells:

 Your Spells              Type           Power        Failure   Level  Hunger
a - Corona                Hex            ###....      3%          1    #......
b - Ensorcelled Hibernat  Hex/Ice        ##....       10%         2    ##.....
c - Tukima's Dance        Hex            ###.....     11%         3    ###....

Your spell library contained the following spells:

 Spells                   Type           Power        Failure   Level  Hunger
 Confuse                  Hex            ###.....     11%         3    ###....
 Dazzling Spray           Conj/Hex       #.....       24%         3    ###....


Dungeon Overview and Level Annotations

Branches:
Dungeon (2/15)

Altars:

Annotations:
D:2 Sigmund


Innate Abilities, Weirdness & Mutations

You are very small and have problems with some larger weapons.
You are too small for most types of armour.
You have supernaturally acute eyesight. (SInv)
You are a herbivore.
You cover ground extremely quickly.
You need to consume almost no food.


Message History

The gnoll hits you from afar with a +0 halberd!
* * * LOW HITPOINT WARNING * * *
The gnoll shouts!
The gnoll closely misses you.
You barely miss the gnoll.
The gnoll is lightly wounded.
The gnoll completely misses you. x2
The gnoll misses you.
You see here a dagger.
You see here a throwing net.
Casting: Ensorcelled Hibernation (safe; 10% risk of failure)
Confirm with . or Enter, or press ? or * to list all spells.
Aiming: Ensorcelled Hibernation (safe; 10% risk of failure)
Press: ? - help, Shift-Dir - straight line, f - Sigmund
Aim: Sigmund, wielding a -3 scythe and wearing a +0 robe (hasn't noticed you, chance to defeat MR: 50%) Sigmund shouts!
Sigmund resists with some effort.
Sigmund points at you and mumbles some strange words.
The puff of flame hits you.
You die...

#.#########..########.
#.#.....###..#......'.
#.##.##...#.<#.######.
#.#.....#.#..#.# #.
#.#..##.#.#..#.# #.
#.#..##.#.#..#.# #.
#.#..##........# ##
#.#..<#........#
#.#..@#........# #####
#.#...#........# #....
#########.#...#.#.#..#(###.###
#.........#@..#.#.#..#(..)....
#.#####.>.....................
#...# ##..#.#.....#.........##
###.# #.....#.....#.####.##.##
#.# #.......................
#.# #.#.#.......#.##........


You could see Sigmund.

Vanquished Creatures
  2 gnolls (D:2)
  3 adders (D:2)
  2 worms (D:2)
  2 dart slugs
  A leopard gecko (D:1)
  2 ball pythons (D:2)
  2 bats (D:1)
  2 giant cockroaches
  3 hobgoblins
  8 jackals
  7 kobolds
  2 frilled lizards
  4 goblins
  16 rats
56 creatures vanquished.

Notes
Turn   | Place    | Note
-------+----------+-------------------------------------------
     0 | D:1      | Bapho the Spriggan Enchanter began the quest for the Orb.
     0 | D:1      | Reached XP level 1. HP: 9/9 MP: 5/5
   450 | D:1      | You fall into a shaft and drop 1 floor!
   452 | D:2      | Noticed Sigmund
   453 | D:2      | Reached skill level 5 in Stealth
   453 | D:2      | Reached XP level 2. HP: 10/13 MP: 6/6
   897 | D:1      | Reached XP level 3. HP: 16/16 MP: 6/8
   901 | D:1      | Learned a level 2 spell: Ensorcelled Hibernation
   905 | D:1      | Learned a level 3 spell: Tukima's Dance
  2038 | D:2      | Reached skill level 6 in Stealth
  2165 | D:2      | Reached XP level 4. HP: 21/21 MP: 6/9
  2980 | D:2      | Killed from afar by Sigmund

Levels and vault maps discovered:
D:1:      dpeg_arrival_three_same_balls, layout_basic, minmay_rat_gold_closets
D:2:      layout_basic, fedhas_altar_4, uniq_sigmund

Skill      XL: |  1  2  3  4 |
---------------+-------------+-----
Short Blades   | 2 3 |  3.0
Stealth        | 5 6 |  6.4
Hexes          | 4 |  4.0
Dodging        | |  3.0
Spellcasting   | |  2.6
Ice Magic      | |  0.8

Action                   |  1- 3 |  4- 6 || total
-------------------------+-------+-------++-------
Melee: Dagger            |   111 |    49 ||   160
Throw: Stone             |    10 |       ||    10
 Cast: Corona            |     8 |     6 ||    14
       Ensorcelled Hiber |    13 |    19 ||    32
 Stab: Sleeping          |    32 |     7 ||    39
Armor: Robe              |    13 |     4 ||    17
Dodge: Dodged            |    81 |    55 ||   136

Table legend:
 A = Non-vault XP
 B = Vault XP
 C = Vault XP percentage of total XP
 D = Non-vault monster count
 E = Vault monster count
 F = Vault count percentage of total count
                 A         B        C        D         E       F
            +---------+---------+-------+---------+---------+-------
      Total |     146 |       9 |   5.8 |      47 |       9 |  16.1
            +---------+---------+-------+---------+---------+-------
        D:1 |      39 |       9 |  18.8 |      22 |       9 |  29.0
        D:2 |     107 |       0 |   0.0 |      25 |       0 |   0.0
            +---------+---------+-------+---------+---------+-------
